 Dungeon Crawl Stone Soup version 0.19.1-1-g22dce08 (webtiles) character file.

2782 nikopol the Skirmisher (level 9, -4/85 HPs)
             Began as a Gargoyle Berserker on Jan 13, 2017.
             Was an Elder of Trog.
             Slain by a two-headed ogre
             ... wielding a +0 giant club
              (18 damage)
             ... on level 8 of the Dungeon.
             The game lasted 00:20:54 (7036 turns).

nikopol the Skirmisher (Gargoyle Berserker)         Turns: 7036, Time: 00:20:55

Health: -4/85      AC: 18    Str: 25    XL:     9   Next: 70%
Magic:  9/9        EV: 11    Int:  9    God:    Trog [****..]
Gold:   316        SH:  0    Dex: 12    Spells: 0 memorised, 8 levels left

rFire  . . .     SeeInvis .     a - +0 war axe
rCold  . . .     Gourm    .     O - +0 chain mail
rNeg   + . .     Faith    .     (no shield)
rPois  ∞         Spirit   .     (no helmet)
rElec  +         Reflect  .     w - +0 cloak
rCorr  +         Harm     .     A - +0 pair of gloves
MR     .....                    (no boots)
Stlth  ..........               (no amulet)
                                G - ring of resist corrosion
                                (no ring)

@: berserking, very quick
A: negative energy resistance 1, electricity resistance, unbreathing,
petrification resistance, rot immunity, AC +5
a: Berserk, Trog's Hand, Brothers in Arms, Burn Spellbooks, Renounce Religion


You were on level 8 of the Dungeon.
You worshipped Trog.
Trog was greatly pleased with you.
You were very hungry.

You visited 1 branch of the dungeon, and saw 8 of its levels.

You collected 316 gold pieces.

Inventory:

Hand Weapons
 a - a +0 war axe (weapon)
 z - a +0 shortbow
Missiles
 g - 105 arrows (quivered)
Armour
 w - a +0 cloak (worn)
 A - a +0 pair of gloves (worn)
 O - a +0 chain mail (worn)
Jewellery
 G - a ring of resist corrosion (right hand)
Wands
 x - a wand of iceblast (5/15)
 y - a wand of flame (7/48)
 P - a wand of disintegration (11/24)
Scrolls
 f - 2 scrolls of enchant weapon {unknown}
 j - a scroll of blinking {unknown}
 k - 3 scrolls of identify
 p - a scroll of enchant armour {unknown}
 q - 4 scrolls of teleportation {unknown}
 s - 2 scrolls of fear {unknown}
 t - a scroll of noise {unknown}
 u - 5 scrolls of remove curse
 D - a scroll of random uselessness {unknown}
 J - a scroll of fog {unknown}
Potions
 e - 2 potions of might
 h - 2 potions of invisibility
 i - 7 potions of curing
 o - a potion of cure mutation {unknown}
 r - 2 potions of agility
 B - 4 potions of heal wounds
 E - a potion of brilliance {unknown}
 F - a potion of magic {unknown}
 L - a potion of mutation {unknown}
 M - 2 potions of degeneration {unknown}
Books
 v - a book of Cantrips

   Spells                             Type                      Level
   a - Confusing Touch                Hexes                        1
   b - Animate Skeleton               Necromancy                   1
   c - Summon Small Mammal            Summoning                    1
   d - Apportation                    Translocation                1
   Trog disapproves of the use of such an item.
Comestibles
 b - 6 chunks of flesh
 c - 4 bread rations
 d - 2 beef jerkies
 l - 4 meat rations
 m - a slice of pizza
 n - a royal jelly


   Skills:
 + Level 7.5 Fighting
 * Level 6.6 Axes
 * Level 3.7 Bows
 + Level 6.9 Armour
 + Level 5.1 Dodging


You had 8 spell levels left.
You didn't know any spells.

Dungeon Overview and Level Annotations

Branches:
Dungeon (8/15)             Temple (0/1) D:7
   Lair: D:8-11

Altars:
Kikubaaqudgha
Okawaru
Qazlal
Ru
Sif Muna
Trog
Vehumet
Xom
Zin

Shops:
D:5 *(


Innate Abilities, Weirdness & Mutations

You are resistant to torment.
Your stone body is resilient. (AC +5)
You are immune to poison.
You resist negative energy. (rN+)
You are resistant to electric shocks. (rElec)
You can survive without breathing.
You are immune to petrification.
You are immune to rotting.


Message History

You are too injured to fight recklessly!
You are too injured to fight recklessly!
You are too injured to fight recklessly!
You are too injured to fight recklessly!
You are too injured to fight recklessly!
You are too injured to fight recklessly!
You are too injured to fight recklessly!
You are too injured to fight recklessly!
You are too injured to fight recklessly!
You are too injured to fight recklessly!
You are too injured to fight recklessly!
You are too injured to fight recklessly!
You are too injured to fight recklessly!
You are too injured to fight recklessly!
You are too injured to fight recklessly!
You slash the two-headed ogre!
The two-headed ogre is heavily wounded.
You hit the orc warrior.
The two-headed ogre hits you with a giant club!!
You die...

# #.....# #####...# #######.#...
###.....####.......###...........
........................>........
############.##....###....##.# #.
.............##...........<).#...
###########################).....
##.###.###.###.###s# #..#...
#.#.#.#.#.#.#.#.#o# #..#...
.###.###.###.###@# #..# ##
#.#.#.#.#.#.#.#.#O# #... .#.# #.#
#.# #.# #a# #.##.
#.#.#.#.#.#.#.#.# #.# #.. .
.#.#.# #.# #.# #.# #.# ### #
#.#.#.#.#.#.#.# #.# #.# #.#.#.#
#.# #.# #.# #.# #.#.#.#. .#. #.
#. #. .# #.#.


You could see a two-headed ogre, an orc warrior, a scorpion and a worker ant.

Vanquished Creatures
  Sigmund (D:2)
  Eustachio (D:6)
  Edmund (D:6)
  Menkaure (D:4)
  An orc warrior (D:7)
  2 sky beasts
  2 ice beasts (D:7)
  2 ogres
  2 centaurs (D:6)
  A big kobold (D:8)
  3 bullfrogs
  2 howler monkeys (D:6)
  4 crimson imps
  A centaur zombie (D:5)
  3 orc priests
  2 hounds
  A gnoll shaman (D:6)
  5 orc wizards
  3 bullfrog skeletons
  Ijyb (D:2)
  An iguana (D:4)
  4 worker ants
  2 hound skeletons
  2 worker ant zombies
  A howler monkey skeleton (D:6)
  7 gnolls (D:6)
  11 adders
  3 shadow imps
  An ooze (D:3)
  An adder zombie (D:5)
  2 adder skeletons
  4 worms
  A dart slug (D:4)
  4 leopard geckos
  26 orcs
  4 giant cockroaches
  12 goblins
  5 hobgoblins
  8 jackals
  7 kobolds
  2 ball pythons
  12 bats
  5 frilled lizards
  A jackal skeleton (D:5)
  2 quokka skeletons
  4 rats
  7 plants (D:5)
178 creatures vanquished.

Notes
Turn   | Place    | Note
-------+----------+-------------------------------------------
     0 | D:1      | nikopol the Gargoyle Berserker began the quest for the Orb.
     0 | D:1      | Reached XP level 1. HP: 14/14 MP: 1/1
   187 | D:1      | Reached XP level 2. HP: 17/19 MP: 2/2
   840 | D:2      | Reached XP level 3. HP: 17/23 MP: 3/3
   875 | D:2      | Noticed Ijyb
   897 | D:2      | Killed Ijyb
  1099 | D:2      | Reached ** piety under Trog
  1104 | D:2      | Reached XP level 4. HP: 16/29 MP: 4/4
  1414 | D:2      | Found a deep blue altar of Sif Muna.
  1440 | D:2      | Noticed Sigmund
  1451 | D:2      | Killed Sigmund
  1451 | D:2      | Reached skill level 4 in Fighting
  1451 | D:2      | Reached XP level 5. HP: 34/34 MP: 5/5
  1678 | D:2      | Found a shimmering altar of Xom.
  1680 | D:2      | Found a glowing silver altar of Zin.
  1680 | D:2      | Found an iron altar of Okawaru.
  1682 | D:2      | Found a shimmering altar of Xom.
  1682 | D:2      | Found a radiant altar of Vehumet.
  1682 | D:2      | Found a deep blue altar of Sif Muna.
  1731 | D:3      | Reached XP level 6. HP: 39/39 MP: 6/6
  1747 | D:3      | Found a faded altar of an unknown god.
  2222 | D:4      | Noticed Menkaure
  2233 | D:4      | Killed Menkaure
  2507 | D:4      | Reached skill level 5 in Fighting
  2507 | D:4      | Reached XP level 7. HP: 40/44 MP: 7/7
  3482 | D:5      | Entered Level 5 of the Dungeon
  3511 | D:5      | Found Juhy's Antique Weapon Emporium.
  3652 | D:5      | Reached *** piety under Trog
  3722 | D:5      | Found Ideacu's Assorted Antiques.
  4151 | D:5      | Reached skill level 5 in Armour
  4501 | D:6      | Noticed Eustachio
  4506 | D:6      | Killed Eustachio
  4506 | D:6      | Reached skill level 6 in Fighting
  4506 | D:6      | Reached XP level 8. HP: 51/51 MP: 8/8
  4577 | D:6      | Noticed Edmund
  4586 | D:6      | Reached skill level 5 in Axes
  4593 | D:6      | Killed Edmund
  4748 | D:6      | Found a bloodstained altar of Trog.
  4960 | D:6      | Reached **** piety under Trog
  5206 | D:6      | Reached skill level 7 in Fighting
  5260 | D:6      | Got a dazzling short sword
  5541 | D:6      | Reached XP level 9. HP: 55/57 MP: 9/9
  5638 | D:7      | Found an ancient bone altar of Kikubaaqudgha.
  5653 | D:7      | Reached skill level 1 in Bows
  5845 | D:7      | Found a faded altar of an unknown god.
  5845 | D:7      | Found a faded altar of an unknown god.
  5850 | D:7      | Found a faded altar of an unknown god.
  5852 | D:7      | Found a faded altar of an unknown god.
  5854 | D:7      | Found a stormy altar of Qazlal.
  5975 | D:7      | Found a staircase to the Ecumenical Temple.
  6205 | D:7      | Found a sacrificial altar of Ru.
  6419 | D:7      | Reached skill level 5 in Dodging
  7031 | D:8      | Noticed a two-headed ogre
  7036 | D:8      | Slain by a two-headed ogre

Skill      XL: |  1  2  3  4  5  6  7  8  9 |
---------------+----------------------------+-----
Dodging        | 2 3 4 5 |  5.1
Axes           | 3 4 5 6 |  6.6
Fighting       | 4 5 6 7 |  7.5
Armour         | 3 4 5 6 |  6.9
Bows           | 3 |  3.7

Action                   |  1- 3 |  4- 6 |  7- 9 || total
-------------------------+-------+-------+-------++-------
Melee: Hand axe          |   111 |   129 |       ||   240
       War axe           |       |    14 |   573 ||   587
 Fire: Shortbow          |       |       |    95 ||    95
Invok: Berserk           |     1 |     1 |     2 ||     4
       Burn Spellbooks   |       |     1 |       ||     1
  Use: Scroll            |       |       |     6 ||     6
 Stab: Sleeping          |     1 |       |       ||     1
  Eat: Chunk             |     2 |     4 |    16 ||    22
       Pizza             |       |     1 |       ||     1
Armor: Animal skin       |    35 |       |       ||    35
       Ring mail         |    13 |    62 |   124 ||   199
       Chain mail        |       |       |   200 ||   200
Dodge: Dodged            |    89 |    88 |   321 ||   498
